 Dungeon Crawl Stone Soup version 0.30-a0-122-g2a1322497e (webtiles) character file.

Game seed: 909008661593781332

96 Barriton the Insei (level 4, 0/35 HPs)
             Began as a Draconian Transmuter on Sept 16, 2022.
             Was a Follower of Qazlal.
             Slain by an orc priest
             ... wielding a +0 club
              (1 damage)
             ... on level 3 of the Dungeon.
             The game lasted 00:05:39 (2022 turns).

Barriton the Insei (Draconian Transmuter)           Turns: 2022, Time: 00:05:40

Health: 0/35       AC:  5    Str: 11 (12) XL:     4   Next: 41%
Magic:  7/8        EV: 12    Int: 11 (14) God:    Qazlal [*.....]
Gold:   134        SH:  7    Dex: 12 (13) Spells: 5/8 levels left

rFire   . . .      SeeInvis .    c - +0 spear
rCold   . . .      Faith    .    (no shield)
rNeg    . . .      Spirit   .    (body armour unavailable)
rPois   .          Reflect  +    (helmet restricted)
rElec   .          Harm     .    (no cloak)
rCorr   .          Rampage  .    (no gloves)
Will    .....                    (no boots)
Stlth   +.........               f - amulet of reflection
HPRegen 0.11/turn                (no ring)
MPRegen 0.11/turn                (no ring)

@: wereblooded (expiring)
A: AC +5, unfitting armour, cold-blooded
a: Renounce Religion


You were on level 3 of the Dungeon.
You worshipped Qazlal.
Qazlal was aware of your devotion.
You visited 1 branch of the dungeon, and saw 3 of its levels.

You collected 134 gold pieces.

Inventory:

Hand Weapons
 c - a +0 spear (weapon)
 d - a +0 flail
 h - the +7 spear of the Dragonfly {speed, Contam rN+ Str+8}
   (You found it on level 2 of the Dungeon)

   Attacks with this weapon are significantly faster.
   Str:       It affects your strength (+8).
   rN:        It protects you from negative energy.
   Contam:    It causes magical contamination when unequipped.
Jewellery
 f - an amulet of reflection (around neck)
Scrolls
 b - a scroll of teleportation
 i - 2 scrolls of blinking
Potions
 a - 2 potions of lignification
 e - a potion of degeneration
 g - a potion of flight


   Skills:
 + Level 1.6 Fighting
 + Level 1.0 Polearms
 + Level 2.1 Dodging
 + Level 0.1 Shields
 + Level 3.6 Unarmed Combat
 + Level 2.9 Spellcasting
 + Level 2.4 Transmutations


You had 5 spell levels left.
You knew the following spells:

 Your Spells              Type           Power      Damage    Failure   Level
a - Beastly Appendage     Tmut           14%        N/A       10%         1
b - Wereblood             Tmut           7%         N/A       14%         2

Your spell library contained the following spells:

 Spells                   Type           Power      Damage    Failure   Level
 Spider Form              Tmut/Pois      4%         N/A       43%         3
 Ice Form                 Ice/Tmut       4%         N/A       85%         4


Dungeon Overview and Level Annotations

Branches:
Dungeon (3/15)

Altars:
Qazlal


Innate Abilities, Weirdness & Mutations

Your plain brown scales are hard. (AC +5)
You cannot fit into any form of body armour.
You are cold-blooded and may be slowed by cold attacks.


Message History

The orc priest closely misses you. The orc hits you with a +0 hand axe.
You hit the orc priest.
The orc priest is heavily wounded.
The orc priest hits you with a +0 club. You block the orc's attack.
You hit the orc priest.
You tail-slap the orc priest, but do no damage.
The orc priest is severely wounded.
The orc hits you with a +0 hand axe. The orc priest hits you with a +0 club.
You hit the orc priest.
The orc priest is almost dead.
You block the orc's attack. You block the orc priest's attack.
You closely miss the orc priest.
The orc priest is almost dead.
The orc priest calls down the wrath of Beogh upon you.
Beogh smites you!
* * * LOW HITPOINT WARNING * * *
The orc barely misses you.
You are too injured to fight recklessly!
You are too injured to fight recklessly!
You are too injured to fight recklessly!
You barely miss the orc priest.
You tail-slap the orc priest, but do no damage.
The orc priest is almost dead.
The orc priest mumbles some strange prayers to Beogh against you.
Pain shoots through your body!
* * * LOW HITPOINT WARNING * * *
You block the orc's attack.
Okay, then.
You closely miss the orc priest.
Your tail-slap misses the orc priest.
The orc priest is almost dead.
The orc priest mumbles some strange prayers to Beogh against you.
You barely resist. The orc misses you.
You hit the orc priest.
You tail-slap the orc priest, but do no damage.
The orc priest is almost dead.
Your primal bloodlust is almost over.
The orc hits you with a +0 hand axe.
* * * LOW HITPOINT WARNING * * *
The orc priest hits you with a +0 club.
You die...

# #.###########
#...........#
#...........#
#...........########
#......o○...........
#.....o@☼...########
#.....)......#
.............####
###..#...<........
#..#.#...#.##### #.
#.#...#.# #
#.#...#.# ......#.#
#.#.#....


You could see an orc priest and an orc.

Vanquished Creatures
  4 adders (D:2)
  2 dart slugs (D:1)
  2 orcs
  3 ball pythons (D:2)
  3 bats
  4 endoplasms
  A giant cockroach (D:1)
  4 goblins
  14 hobgoblins
  2 quokkas
  A frilled lizard (D:2)
  5 kobolds
  4 rats
49 creatures vanquished.

Notes
Turn   | Place    | Note
-------+----------+-------------------------------------------
     0 | D:1      | Barriton the Draconian Transmuter began the quest for the
                  | Orb.
     0 | D:1      | Reached XP level 1. HP: 16/16 MP: 3/3
   218 | D:1      | Reached XP level 2. HP: 23/23 MP: 3/5
   221 | D:1      | Learned a level 2 spell: Wereblood
   520 | D:1      | Found a faded altar of an unknown god.
   539 | D:1      | Prayed at the altar of an unknown god.
   539 | D:1      | Became a worshipper of Qazlal Stormbringer
   539 | D:1      | Reached * piety under Qazlal
   772 | D:1      | Reached XP level 3. HP: 28/28 MP: 2/6
  1425 | D:2      | Identified the +7 spear of the Dragonfly {speed, Contam rN+
                  | Str+8}
  1603 | D:2      | Reached XP level 4. HP: 35/35 MP: 8/8
  1691 | D:2      | Identified the +7 short sword of Ceser {antimagic, Fragile
                  | rPois rN+ Int+4}
  1870 | D:2      | Reached skill level 1 in Polearms
  2022 | D:3      | HP: 1/35 [orc/+0 hand axe (3)]
  2022 | D:3      | Slain by an orc priest

Illustrated notes

Levels and vault maps discovered:
D:1:      amcnicky_arrival_flooded_fountain, layout_basic,
          basic_ecumenical_altar
D:2:      layout_loops_cross
D:3:      layout_basic, minitemple, roderic_serpentine_path, minmay_crystal_room

Skill      XL: |  1  2  3  4 |
---------------+-------------+-----
Dodging        | 2 |  2.1
Polearms       | 1 |  1.0
Fighting       | |  1.6
Shields        | |  0.1
Unarmed Combat | |  3.6
Spellcasting   | |  2.9
Transmutations | |  2.4

Action                   |  1- 3 |  4- 6 || total
-------------------------+-------+-------++-------
Melee: Unarmed           |    60 |       ||    60
       Headbutt          |    12 |     2 ||    14
       Tailslap          |     8 |     6 ||    14
       Kick              |    16 |       ||    16
       Punch             |     3 |       ||     3
       Spear             |    46 |    55 ||   101
 Cast: Beastly Appendage |    22 |     2 ||    24
       Wereblood         |     8 |     1 ||     9
  Use: Scroll            |     3 |     2 ||     5
       Potion            |     1 |       ||     1
Armor: Skin              |    16 |     5 ||    21
Dodge: Dodged            |    55 |    30 ||    85
Block: Other             |    10 |    21 ||    31
       Reflection        |       |     1 ||     1

Table legend: (Time is in decaauts)
 A = Elapsed time spent in this place.
 B = Non-inter-level travel time spent in this place.
 C = Inter-level travel time spent in this place.
 D = Time resting spent in this place.
 E = Time spent auto-exploring this place.
 F = Levels seen in this place.
 G = Mean time per level.
                   A        B        C        D        E       F      G
               +--------+--------+--------+--------+--------+-----+--------+
         Total |   2028 |   2028 |      0 |      0 |   1565 |   3 |  676.0 |
       Dungeon |   2028 |   2028 |      0 |      0 |   1565 |   3 |  676.0 |
               +--------+--------+--------+--------+--------+-----+--------+

Top non-repeatable levels by time:
     D:2: 1007 daAuts
     D:1: 994 daAuts
     D:3: 27 daAuts
